 Dungeon Crawl Stone Soup version 0.24.0-123-gd5b16e6ec5 (webtiles) character file.

Game seed: 2728439526194340824, levelgen mode: deterministic

134 Delamore the Chopper (level 5, -8/41 HPs)
             Began as a Formicid Fighter on Jan 3, 2020.
             Killed by divine providence
             ... invoked by an orc priest
              (17 damage)
             ... on level 3 of the Dungeon.
             The game lasted 00:01:53 (1297 turns).

Delamore the Chopper (Formicid Fighter)             Turns: 1297, Time: 00:01:53

Health: -8/41      AC: 12    Str: 22    XL:     5   Next: 40%
Magic:  5/5        EV:  4    Int:  7    God:
Gold:   80         SH:  9    Dex: 10    Spells: 4/4 levels left

rFire    . . .     SeeInvis +   a - +0 war axe
rCold    . . .     Gourm    .   c - +0 shield
rNeg     . . .     Faith    .   i - +0 plate armour
rPois    .         Spirit   .   (helmet unavailable)
rElec    .         Reflect  .   (no cloak)
rCorr    .         Harm     .   (no gloves)
MR       .....                  j - +0 pair of boots
Stlth    ..........             (no amulet)
HPRegen  0.13/turn              (no ring)
MPRegen  0.09/turn              (no ring)

@: no status effects
A: permanent stasis, dig shafts and tunnels, four strong arms, antennae 3
a: Dig, Shaft Self


You were on level 3 of the Dungeon.
You were not hungry.

You visited 1 branch of the dungeon, and saw 3 of its levels.

You collected 80 gold pieces.

Inventory:

Hand Weapons
 a - a +0 war axe (weapon)
Armour
 b - a +0 scale mail
 c - a +0 shield (worn)
 i - a +0 plate armour (worn)
 j - a +0 pair of boots (worn)
Scrolls
 e - 4 scrolls of identify {unknown}
 g - 2 scrolls of remove curse {unknown}
 k - 2 scrolls of amnesia {unknown}
 m - a scroll of magic mapping {unknown}
 n - a scroll of noise {unknown}
 o - a scroll of fear {unknown}
 p - a scroll of random uselessness {unknown}
 q - a scroll of teleportation {unknown}
Potions
 d - 3 potions of might
 h - a potion of curing
 l - a potion of ambrosia {unknown}
Comestibles
 f - 5 rations
 r - 8 chunks of flesh


   Skills:
 - Level 3.2 Fighting
 + Level 5.2 Axes
 - Level 3.2 Armour
 - Level 3.6 Shields


You had 4 spell levels left.
You didn't know any spells.
Your spell library was empty.

Dungeon Overview and Level Annotations

Branches:
Dungeon (3/15)

Altars:
Dithmenos


Innate Abilities, Weirdness & Mutations

You cannot be hasted, slowed, berserked, paralysed or teleported.
You can dig through walls and to a lower floor.
Your four strong arms can wield two-handed weapons with a shield.
You have a pair of large antennae on your head. (SInv)


Message History

The orc is severely wounded.
You hit the orc priest. The orc hits you but does no damage.
You block the orc priest's attack.
You hit the orc.
You kill the orc!
You barely miss the orc priest. The orc priest barely misses you.
You slash the orc priest!
The orc priest is almost dead.
You closely miss the frilled lizard.
The frilled lizard bites you but does no damage.
The orc priest mumbles some strange prayers to Beogh against you.
Pain shoots through your body!
* * * LOW HITPOINT WARNING * * *
You hit the orc priest but do no damage.
The orc priest is almost dead.
You hit the frilled lizard.
You kill the frilled lizard!
The orc priest calls down the wrath of Beogh upon you.
Beogh smites you!
You die...

....... ..#
....... ...
..........#
....... ..### ###
..... .... ..# ...
..## #.# #[#...#
#.## #o@##.#
#..##### ##..#.#
##......##
##..!####<........
###...)..........
##.##........>.
#..(..........
###...รท.......
##..........
#.........#


You could see an orc priest.

Vanquished Creatures
  2 orc wizards
  4 adders (D:2)
  A dart slug (D:2)
  2 leopard geckos
  2 orcs
  A ball python (D:1)
  2 giant cockroaches
  3 goblins
  5 hobgoblins
  5 kobolds
  A quokka (D:2)
  7 bats
  3 frilled lizards
  5 rats
43 creatures vanquished.

Notes
Turn   | Place    | Note
-------+----------+-------------------------------------------
     0 | D:1      | Delamore the Formicid Fighter began the quest for the Orb.
     0 | D:1      | Reached XP level 1. HP: 18/18 MP: 1/1
   125 | D:1      | Reached XP level 2. HP: 19/24 MP: 2/2
   217 | D:1      | Reached skill level 3 in Axes
   448 | D:2      | Reached XP level 3. HP: 21/29 MP: 3/3
   734 | D:2      | Reached skill level 4 in Axes
   734 | D:2      | Reached XP level 4. HP: 34/35 MP: 4/4
   976 | D:2      | Found a shadowy altar of Dithmenos.
  1222 | D:2      | Reached XP level 5. HP: 36/41 MP: 5/5
  1278 | D:3      | Reached skill level 5 in Axes
  1297 | D:3      | Killed from afar by an orc priest

Levels and vault maps discovered:
D:1:      minmay_arrival_five_plusses, layout_rooms, minmay_cupped
D:2:      layout_rooms, nicolae_dithmenos_through_a_glass_darkly, first_ration,
          serial_rivers, chequers_serial_rivers_micro_e,
          chequers_serial_rivers_micro_d, chequers_serial_rivers_room_b,
          chequers_serial_rivers_small_3
D:3:      layout_rooms, gammafunk_ghost_grave, kennysheep_generic_room_6

Skill      XL: |  1  2  3  4  5 |
---------------+----------------+-----
Axes           | 3 4 5 |  5.2
Fighting       | |  3.2
Armour         | |  3.2
Shields        | |  3.6

Action                   |  1- 3 |  4- 6 || total
-------------------------+-------+-------++-------
Melee: War axe           |    86 |    71 ||   157
  Use: Potion            |     1 |       ||     1
  Eat: Chunk             |       |     2 ||     2
Armor: Scale mail        |    37 |     1 ||    38
       Plate armour      |       |    42 ||    42
Dodge: Dodged            |    39 |    17 ||    56
Block: Shield            |    48 |    43 ||    91
